AoeStats
← brunofuria5

Black Forest

507586321Analyzed
2v2 RM · 12d ago on Sep 18, 2026· 23m 53s· 4 players
Game mode
Random Map
Map size
Medium (4 player)
Population
200
Speed
Normal
Resources
Standard
Victory
Conquest
Starting age
Dark Age
Ending age
Imperial Age
RankedLock teamsTeams togetherTeam positionsShared explorationLock speedFull tech treeHidden civsTurbo modeCheats
Victory
Defeat
🇦🇷 Britons · Argentina
654
+17
🇦🇷 Turks · Argentina
654
+17
🇨🇴 Bulgarians · Colombia
677
-17
🇨🇦 Bohemians · Canada
672
-17
francoubino1juegos
11:33 Feudal Age
21:55 Horse Collar
22:04 Double-Bit Axe
brunofuria5
8:03 Loom
10:19 Feudal Age
12:22 Double-Bit Axe
22:47 Castle Age
22:00 Scale Barding Armor
fabianfun
0:46 Loom
13:39 Feudal Age
17:28 Wheelbarrow
Hosso
14:46 Feudal Age
15:22 Double-Bit Axe
15:20 Horse Collar
19:38 Wheelbarrow
25:07 Castle Age
Connection lost

Rejoining the realm…

Still unreachable

The connection could not be restored.

Session expired

The server has moved on; the page needs a fresh start.